 Dungeon Crawl Stone Soup version 0.16-a0-2558-g6680ffd (webtiles) character file.

614106 Raurakos the Ruinous (level 26, -3/131 HPs)
             Began as a Deep Elf Enchanter on Nov 9, 2014.
             Was the Champion of Sif Muna.
             Slain by a Killer Klown (22 damage)
             ... on level 5 of the Realm of Zot on Nov 20, 2014.
             The game lasted 15:59:15 (104578 turns).

Raurakos the Ruinous (Deep Elf Enchanter)         Turns: 104578, Time: 15:59:15

Health: -3/131     AC: 15    Str:  5    XL:     26   Next: 84%
Magic:  3/44       EV: 26    Int: 32    God:    Sif Muna [******]
Gold:   3312       SH:  8    Dex: 18    Spells: 14 memorised, 2 levels left

rFire  + + +     SeeInvis +     b - staff of energy
rCold  . . .     Clarity  .     o - +2 robe {Archmagi}
rNeg   . . .     SustAb   .     s - +2 buckler
rPois  +         Gourm    .     v - +2 hat
rElec  +         Spirit   .     g - +2 cloak
rCorr  .         Warding  .     R - +2 pair of gloves "Lausav" {rF+ Slay+3}
rMut   +         Stasis   .     e - +2 pair of boots {run}
MR     ++...                    m - amulet of resist mutation
Stlth  +++++.....               S - ring of Satisfaction {rElec rPois rF+ Int-1 Slay+5 SInv Stlth+}
                                V - ring "Fynainy" {rF+ Dex+3 Stlth+}

@: very slightly contaminated, invisible, quick, very resistant to hostile
enchantments, quite stealthy
A: low mp 1, spit poison 1, no device heal 1
a: Spit Poison, Channel Energy, Forget Spell, Renounce Religion
}: 3/15 runes: barnacled, silver, gossamer


You were on level 5 of the Realm of Zot.
You worshipped Sif Muna.
Sif Muna was exalted by your worship.
You were not hungry.

You visited 10 branches of the dungeon, and saw 56 of its levels.
You visited 3 bazaars.
You also visited: Ice Cave and Wizlab.

You collected 8015 gold pieces.
You spent 4703 gold pieces at shops.

Inventory:

Hand weapons
 a - a +4 dagger of venom
 Y - a +0 lajatang of electrocution
Armour
 e - a +2 pair of boots of running (worn)
 g - a +2 cloak (worn)
 o - a +2 robe of the Archmagi (worn)
 s - a +2 buckler (worn)
 v - a +2 hat (worn)
 R - the +2 pair of gloves "Lausav" (worn) {rF+ Slay+3}
   (You bought it in a shop in a bazaar)

   It affects your accuracy and damage with ranged weapons and melee attacks
   (+3).
   It protects you from fire.
Magical staves
 b - an uncursed staff of energy (weapon)
 P - an uncursed staff of wizardry
Rods
 d - a +3 rod of clouds (13/13)
   (You found it on level 15 of the Dungeon)
 q - a +7 rod of the swarm (14/14)
   (You took it off a deep elf sorcerer on level 3 of the Elven Halls)
Jewellery
 m - an amulet of resist mutation (around neck)
 w - an uncursed ring of teleport control
 C - an uncursed amulet of clarity
 G - the ring of Brilliance {MP+9 SInv}
   (You found it on level 15 of the Dungeon)

   [ring of magical power]

   It affects your magic capacity (+9).
   It enhances your eyesight.
 I - an uncursed ring of teleportation
 J - the ring "Yfaup" {rElec rC+ Str+2 Int+2 SInv Stlth+}
   (You bought it in a shop in a bazaar)

   [ring of intelligence]

   It affects your strength (+2).
   It affects your intelligence (+2).
   It protects you from cold.
   It insulates you from electricity.
   It enhances your eyesight.
   It makes you more stealthy.
 M - an uncursed amulet of the gourmand
 N - an uncursed ring of protection from cold
 S - the ring of Satisfaction (right hand) {rElec rPois rF+ Int-1 Slay+5 SInv Stlth+}
   (You found it on level 15 of the Dungeon)

   [ring of poison resistance]

   It affects your intelligence (-1).
   It affects your accuracy and damage with ranged weapons and melee attacks
   (+5).
   It protects you from fire.
   It insulates you from electricity.
   It protects you from poison.
   It enhances your eyesight.
   It makes you more stealthy.
 V - the ring "Fynainy" (left hand) {rF+ Dex+3 Stlth+}
   (You bought it in a shop in a bazaar)

   [ring of protection from fire]

   It affects your dexterity (+3).
   It protects you from fire.
   It makes you more stealthy.
Magical devices
 t - a wand of invisibility (3)
 F - a wand of digging (13)
 W - a wand of teleportation (3)
Scrolls
 i - 10 scrolls of fog
 r - 12 scrolls of recharging
 y - 17 scrolls of remove curse
 A - 3 scrolls of blinking
 E - 17 scrolls of teleportation
 Q - 6 scrolls of fear
 U - 21 scrolls of identify
Potions
 c - a potion of flight
 f - 2 potions of heal wounds
 u - 2 potions of cancellation
 x - 7 potions of agility
 z - 11 potions of brilliance
 B - 20 potions of curing
 H - 12 potions of restore abilities
 K - 3 potions of resistance
 L - 8 potions of magic
Miscellaneous
 n - a crystal ball of energy
Comestibles
 j - 4 meat rations
 k - 2 royal jellies
 p - 33 bread rations


   Skills:
 - Level 4.0 Fighting
 - Level 9.0 Short Blades
 - Level 10.0 Staves
 - Level 17.0 Dodging
 - Level 4.1 Stealth
 - Level 5.0 Shields
 - Level 24.0 Spellcasting
 + Level 24.6 Conjurations
 - Level 18.0 Hexes
 - Level 10.0 Charms
 - Level 10.0 Summonings
 - Level 6.0 Necromancy
 + Level 22.9 Fire Magic
 - Level 8.0 Air Magic
 - Level 8.0 Invocations
 - Level 8.0 Evocations


You had 2 spell levels left.
You knew the following spells:

 Your Spells              Type           Power        Failure   Level  Hunger
a - Iskenderun's Mystic   Conj           ########     0%          4    None
b - Blink                 Tloc           N/A          1%          2    None
c - Confuse               Hex            ########     0%          3    None
d - Deflect Missiles      Chrm/Air       #######...   2%          6    None
e - Enslavement           Hex            ########     0%          4    None
f - Discord               Hex            ########..   2%          8    None
g - Spellforged Servitor  Conj/Summ      ########..   1%          7    None
h - Haste                 Chrm           ########     1%          6    None
i - Invisibility          Hex            ########     1%          6    None
j - Fire Storm            Conj/Fire      ########..   8%          9    None
o - Orb of Destruction    Conj           ########..   1%          7    None
r - Regeneration          Chrm/Necr      #######...   1%          3    None
s - Swiftness             Chrm/Air       #######.     1%          2    None
z - Animate Dead          Necr           N/A          1%          4    None


Dungeon Overview and Level Annotations

Branches:
Dungeon (15/15)            Temple (1/1) D:7            Lair (8/8) D:11
 Shoals (5/5) Lair:3       Spider (5/5) Lair:6        Slime (0/6) Lair:7
    Orc (4/4) D:11            Elf (3/3) Orc:4        Vaults (5/5) D:13
  Crypt (0/3) Vaults:3     Depths (5/5) D:15            Zot (5/5) Depths:5
 Bazaar (0/1)

Altars:
Ashenzari
Cheibriados
Dithmenos
Elyvilon
Fedhas
Gozag
Kikubaaqudgha
Makhleb
Nemelex Xobeh
Okawaru
Qazlal
Ru
Sif Muna
Trog
Vehumet
Xom
Yredelemnul
Zin
The Shining One
Beogh
Jiyva
Lugonu

Shops:
D:15 :(*   Orc:4 (([:=   Elf:1 (   Shoals:1 =}   Vaults:1 *   Vaults:3 (
Vaults:5 =}   Depths:2 %*

Portals:
Hell: Depths:1 Depths:2 Depths:3 Depths:4 Depths:5
Abyss: Depths:1 Depths:4
Pandemonium: Depths:1 Depths:3
Ziggurat: Depths:1
Trove: Elf:3 (lose all piety)

Annotations:
Spider:3 Mara
Elf:2 runed door
Elf:3 exclusion: 2 doors
Zot:5 exclusion: ice statue


Innate Abilities, Weirdness & Mutations

Your magical capacity is low (-10% MP).
You can spit poison.
Potions and wands are less effective at restoring your health.


Message History

Confirm with . or Enter, or press ? or * to list all spells.
You don't have enough magic to cast that spell.
Use which ability? (? or * to list)
You channel some magical energy.
You feel somewhat more hungry.
Your skin stops crawling.
You feel yourself slow down.
The black draconian zealot prays to its god.
Casting: Haste
Confirm with . or Enter, or press ? or * to list all spells.
Aiming: Invisibility
Press: ? - help, Shift-Dir - straight line, f - you You feel a surge of power!
You fade into invisibility!
The ice devil disappears in a puff of smoke!
The grey draconian throws a stone.
The stone misses you.
The Killer Klown blinks!
The smoke demon completely misses you. The smoke demon closely misses you.
You block the smoke demon's attack.
The Killer Klown blinks!
The grey draconian throws a stone.
The stone closely misses you. The Killer Klown trip-wires you!!
You die...

*,.........,,,,,,,,,,,,,**,,,,,,,
,...........,,,,,,,,,,,,***,,,,,,
.............,,,,,,,,,,,* *******
▓.............,,,,,,,,,**
*▓............,,,,,,,***
*▓.........,,,,,,****
▓▓.....##▓▓▓▓▓▓▓▓▓▓▓#
##....(..(.q3(q(.....###
##...(......**4.@.##....##
#....(.....d....p..###...########
...........4d.......###........^.
............d.......# ##.....)...
(............:......# #.........
....................# ##.....)..
....................# #........
.............^......# ##........
#..................## #.).......


You could see 2 orbs of fire, a Killer Klown, a purple draconian monk, a mottled
draconian, a white draconian, a grey draconian, a black draconian zealot, an
orange demon, a hellwing and a smoke demon.

Vanquished Creatures
  4 ancient liches (Zot:5)
  An orb of fire (Zot:5)
  Margery (Depths:3)
  Saint Roka (Orc:4)
  Mennas (Depths:4)
  A Killer Klown (Zot:5)
  2 golden dragons
  Jory (Vaults:2)
  Xtahua (Vaults:3)
  3 electric golems (Zot:5)
  Nikola (Depths:1)
  7 liches
  18 tentacled monstrosities
  11 Orb Guardians (Zot:5)
  2 deep elf master archers (Elf:3)
  2 titans (Vaults:5)
  2 deep elf blademasters (Elf:3)
  A sphinx (shapeshifter) (Vaults:3)
  A quicksilver dragon (Vaults:5)
  2 krakens (Shoals:2)
  7 storm dragons
  2 sphinxes
  Rupert (Spider:2)
  An ancient champion (Vaults:3)
  10 tengu reavers
  4 shadow dragons
  A draconian monk (Zot:4)
  Ilsuiw (Shoals:5)
  18 vault wardens
  12 fire giants
  A fire giant (shapeshifter) (Depths:4)
  8 frost giants
  Maud (D:14)
  3 iron dragons
  A draconian zealot (Zot:4)
  Louise (Shoals:1)
  7 draconian scorchers
  5 deep elf sorcerers (Elf:3)
  2 draconian knights
  2 ghost moths (Spider:5)
  9 emperor scorpions
  4 draconian annihilators
  A spriggan defender (Depths:5)
  A vampire knight (Depths:3)
  2 draconian shifters
  A war gargoyle (Vaults:5)
  6 green draconians
  A draconian caller (Zot:4)
  6 grey draconians
  5 deep elf demonologists
  27 very ugly things
  15 stone giants
  7 black draconians
  10 deep elf annihilators
  6 pale draconians
  5 white draconians
  9 red draconians
  5 yellow draconians
  6 mottled draconians
  6 purple draconians
  12 ettins
  4 dire elephants
  The ghost of Herrn the Cleaver, a powerful FoFi of Okawaru (D:12)
  3 merfolk javelineers
  6 minotaurs
  17 fire dragons
  30 vault guards
  7 deep elf death magi (Elf:3)
  A minotaur (shapeshifter) (Vaults:3)
  12 merfolk impalers
  15 ironheart preservers
  24 yaktaur captains
  10 great orbs of eyes
  10 hydras
  2 rakshasas
  2 death cobs
  Harold (Lair:1)
  A deep elf high priest (Elf:3)
  5 statues (WizLab)
  15 ice dragons
  3 spriggan air magi
  16 centaur warriors
  2 satyrs
  Erica (D:11)
  29 dancing weapons
  3 merfolk aquamancers (Shoals:5)
  An alligator snapping turtle (shapeshifter) (D:15)
  13 ogre magi
  10 deep troll earth magi
  4 tengu warriors
  A vampire mage (Depths:2)
  31 death yaks
  A catoblepas (Depths:2)
  An orc high priest (Orc:4)
  A soul eater (Zot:5)
  5 spriggan berserkers
  7 deep troll shamans
  8 spriggans
  A fire crab (Vaults:3)
  A sun demon (Depths:3)
  5 unseen horrors
  A hell knight (Depths:3)
  The ghost of hackum the Blocker, an experienced FoFi (D:8)
  2 shadow wraiths (Vaults:2)
  3 iron trolls
  2 wizards
  3 ice devils (IceCv)
  31 deep elf knights
  2 flayed ghosts
  A death drake (shapeshifter) (Depths:4)
  A fire crab (shapeshifter) (Depths:1)
  2 very ugly thing zombies (Depths:5)
  8 sea snakes
  An anubis guard (shapeshifter) (Depths:5)
  A lindwurm (shapeshifter) (Depths:5)
  4 giant orange brains
  15 ironbrand convokers
  3 ice statues (IceCv)
  16 harpies
  7 deep elf summoners
  31 deep trolls
  A shadow dragon zombie (Zot:5)
  18 orb spiders
  49 ugly things
  10 deep elf conjurers
  An oklob plant (Shoals:2)
  6 necromancers
  6 phantasmal warriors
  2 wolf spider zombies
  12 hill giants
  5 red wasps
  9 griffons
  2 orc sorcerers
  A fire giant zombie (Vaults:2)
  23 moths of wrath
  14 orc knights
  3 water nymphs (Shoals:5)
  31 wolf spiders
  A faun (shapeshifter) (Depths:5)
  10 manticores
  2 fauns (Shoals:4)
  A cyclops (shapeshifter) (D:15)
  4 black mambas
  5 sirens
  An octopode (shapeshifter) (Depths:2)
  20 spiny frogs
  A spiny frog (shapeshifter) (Depths:5)
  A frost giant skeleton (Depths:4)
  A gargoyle (D:15)
  15 cyclopes
  20 vault sentinels
  A naga mage (D:15)
  2 redback zombies
  Psyche (Orc:1)
  5 torpor snails
  5 spectral swamp worms (Depths:5)
  3 eyes of devastation (Depths:4)
  4 tengu conjurers
  An elf (shapeshifter) (Vaults:1)
  16 demonic crawlers
  58 yaktaurs
  10 trolls
  An elf skeleton (Depths:4)
  5 freezing wraiths
  3 fire drakes
  3 kobold demonologists
  31 merfolk
  17 two-headed ogres
  A two-headed ogre (shapeshifter) (Vaults:3)
  A red devil (Elf:3)
  21 deep elf priests
  6 komodo dragons
  3 fire vortices
  2 giant leeches (Lair:8)
  8 blue devils
  A wind drake (Shoals:1)
  A blink frog (shapeshifter) (Vaults:1)
  21 jumping spiders
  A harpy skeleton (D:13)
  10 snapping turtles
  A tengu simulacrum (Vaults:4)
  2 wandering mushrooms (Lair:2)
  6 ravens
  5 boulder beetles
  A queen bee (Lair:6)
  28 blink frogs
  30 slime creatures
  A snapping turtle (shapeshifter) (Depths:5)
  13 water elementals
  A spriggan (shapeshifter) (Vaults:2)
  15 trapdoor spiders
  7 air elementals
  2 ettin skeletons
  4 basilisks
  25 redbacks
  10 tarantellas
  6 wraiths
  A griffon skeleton (Shoals:3)
  A golden eye (shapeshifter) (D:15)
  3 golden eyes (Depths:4)
  3 humans
  21 yaks
  2 shadows
  2 vampires
  A yak (shapeshifter) (Vaults:3)
  20 deep elf magi
  35 deep elf fighters
  27 centaurs
  6 wargs
  4 mottled dragons
  29 vampire mosquitoes
  A deep troll zombie (Vaults:5)
  13 hippogriffs
  3 hungry ghosts
  A merfolk zombie (Shoals:2)
  Edmund (D:6)
  A yaktaur simulacrum (Vaults:1)
  Menkaure (D:6)
  2 nagas (D:15)
  An orb spider zombie (Spider:2)
  A spiny frog zombie (Lair:6)
  15 water moccasins
  38 orc warriors
  3 wolves (Lair:2)
  6 sky beasts
  A black bear (shapeshifter) (Elf:3)
  26 ice beasts
  15 porcupines
  7 phantoms
  29 spiders
  48 ogres
  9 yellow wasps
  A black bear (D:6)
  A swamp drake (Zot:4)
  An eye of draining (D:10)
  A yellow wasp (shapeshifter) (Depths:4)
  12 boggarts
  6 necrophages
  5 boring beetles
  A lost soul (Elf:3)
  16 crocodiles
  4 yaktaur zombies
  3 big kobolds
  An elf zombie (D:9)
  A spider zombie (Spider:1)
  Blork the orc (D:4)
  30 giant frogs
  2 yaktaur skeletons
  8 scorpions
  A water moccasin zombie (Lair:7)
  5 electric eels
  A troll zombie (D:11)
  2 goliath beetles (D:6)
  26 killer bees
  A troll skeleton (D:9)
  2 hippogriff skeletons
  11 hounds
  A human simulacrum (Vaults:3)
  15 wights
  4 jellies
  2 centaur zombies
  2 draconian simulacra (IceCv)
  A basilisk zombie (Lair:3)
  4 human zombies
  31 orc wizards
  11 crimson imps
  2 two-headed ogre zombies
  18 orc priests
  12 iguanas
  3 orange rats
  13 worker ants
  6 human skeletons
  2 quasits (D:10)
  3 troll simulacra (IceCv)
  A centaur simulacrum (IceCv)
  A killer bee zombie (Lair:6)
  Ijyb (D:6)
  A crocodile zombie (Lair:3)
  11 sheep
  An ogre skeleton (Vaults:2)
  A big kobold skeleton (D:5)
  A crocodile skeleton (D:7)
  5 ogre zombies (D:11)
  7 mummies
  An ogre simulacrum (IceCv)
  28 adders
  70 river rats
  3 shadow imps
  A giant mite (D:5)
  4 giant eyeballs
  A worm (D:4)
  An iguana zombie (D:10)
  A sheep zombie (Lair:7)
  A sheep skeleton (Shoals:2)
  2 giant geckos
  184 orcs
  13 bats
  3 giant cockroaches
  16 hobgoblins
  2 jackals (D:6)
  14 quokkas
  2 river rat zombies (Lair:7)
  A ball python (D:2)
  3 giant newts
  3 giant spores
  20 goblins
  A goblin skeleton (D:11)
  A goblin zombie (D:11)
  A hobgoblin skeleton (D:11)
  32 kobolds
  3 kobold skeletons
  A kobold zombie (D:14)
  3 orc skeletons (D:11)
  13 orc zombies (D:11)
  11 rats
  A river rat skeleton (Lair:7)
  12 ballistomycetes
  2 fungi
  A tentacle (Shoals:2)
2550 creatures vanquished.

Vanquished Creatures (collateral kills)
  Sojobo (Depths:2)
  A golden dragon (Depths:2)
  3 tentacled monstrosities
  A titan (Depths:3)
  Asterion (Elf:1)
  2 shadow dragons
  A draconian monk (Zot:2)
  A tengu reaver (Depths:2)
  2 fire giants
  An iron dragon (Depths:2)
  2 emperor scorpions
  An orc warlord (Vaults:4)
  7 vault wardens
  A draconian knight (Zot:2)
  A deep elf sorcerer (Vaults:3)
  A very ugly thing (Zot:1)
  Jorgrun (Spider:2)
  3 draconian shifters
  A draconian annihilator (Zot:1)
  2 green draconians
  3 stone giants
  A draconian caller (Zot:4)
  2 grey draconians
  A deep elf demonologist (Elf:2)
  2 yellow draconians (Zot:2)
  5 black draconians
  2 deep elf annihilators
  2 spellforged servitors
  3 white draconians
  A purple draconian (Zot:2)
  A pale draconian (Depths:5)
  3 red draconians
  2 mottled draconians
  A deep elf death mage (Vaults:2)
  2 merfolk javelineers (Shoals:5)
  14 vault guards
  3 great orbs of eyes
  A deep elf high priest (Vaults:5)
  A merfolk impaler (Shoals:3)
  A fire dragon (Depths:2)
  3 yaktaur captains
  A death cob (Zot:4)
  5 ogre magi
  4 ironheart preservers
  A statue (WizLab)
  A rakshasa (Depths:1)
  A spriggan air mage (Depths:2)
  A deep troll earth mage (Depths:3)
  A tengu warrior (Depths:2)
  A hydra (D:15)
  An alligator snapping turtle (Shoals:5)
  6 merfolk aquamancers
  A centaur warrior (D:15)
  A dancing weapon (WizLab)
  A satyr (Shoals:5)
  19 death yaks
  2 spriggan berserkers
  A catoblepas (Lair:8)
  A deep troll shaman (Depths:3)
  5 deep elf knights
  A hell knight (Depths:3)
  An ice devil (IceCv)
  2 iron trolls (Depths:3)
  A golden dragon zombie (Depths:2)
  4 deep trolls
  2 deep elf summoners
  3 giant orange brains
  2 orc knights
  7 ironbrand convokers
  A naga ritualist (D:15)
  2 necromancers
  An ice statue (IceCv)
  2 sea snakes (Shoals:2)
  A flayed ghost (Vaults:4)
  A hill giant (D:12)
  7 harpies
  4 griffons
  A sphinx zombie (Vaults:2)
  2 ugly thing zombies (Depths:1)
  3 orb spiders
  A deep elf conjurer (Elf:1)
  A stone giant zombie (Vaults:5)
  15 ugly things
  4 orc sorcerers
  A cyclops (Shoals:2)
  6 wolf spiders
  A faun (Shoals:4)
  A water nymph (Shoals:5)
  A manticore (Shoals:2)
  A wizard (Vaults:1)
  5 red wasps
  2 moths of wrath
  2 vault sentinels
  A sixfirhy (Vaults:4)
  An eye of devastation (shapeshifter) (Vaults:4)
  3 sirens
  3 elephants (Lair:7)
  4 spiny frogs
  A kobold demonologist (D:13)
  2 komodo dragons
  An elf zombie (Elf:3)
  2 demonic crawlers
  13 yaktaurs
  2 tengu conjurers (Depths:2)
  A human zombie (Vaults:1)
  10 merfolk
  2 freezing wraiths
  5 deep elf priests
  A fire drake (Lair:4)
  A troll (Vaults:4)
  A tengu simulacrum (Vaults:3)
  12 two-headed ogres
  A fire vortex (Vaults:5)
  3 boulder beetles
  6 jumping spiders
  4 ravens
  A harpy skeleton (D:15)
  A jumping spider zombie (Spider:5)
  9 slime creatures
  3 giant leeches (Lair:8)
  A wind drake (Shoals:5)
  An ettin zombie (Vaults:2)
  8 trapdoor spiders
  9 redbacks
  2 snapping turtles
  11 deep elf magi
  7 tarantellas
  A basilisk (D:14)
  4 blink frogs (Lair:6)
  An air elemental (Depths:2)
  A shadow (Vaults:3)
  5 water elementals (Shoals:5)
  An ice dragon skeleton (Depths:5)
  2 humans (Vaults:4)
  5 yaks
  A neqoxec (Vaults:5)
  A hippogriff (Lair:7)
  6 deep elf fighters
  An ogre zombie (Vaults:4)
  2 merfolk zombies (Shoals:5)
  8 vampire mosquitoes
  A deep troll zombie (Vaults:5)
  A hungry ghost (D:15)
  A water moccasin (Lair:3)
  13 orc warriors
  A porcupine (Lair:6)
  11 spiders
  A swamp drake (Zot:2)
  5 ice beasts (IceCv)
  A boggart (Depths:2)
  A phantom (D:13)
  A necrophage (D:14)
  12 ogres
  A centaur (Vaults:2)
  An orc skeleton (Vaults:2)
  Sigmund (D:6)
  Duvessa (D:6)
  3 yaktaur zombies
  2 elf simulacra
  A lost soul (Vaults:2)
  7 giant frogs
  A human skeleton (Vaults:1)
  A scorpion (Spider:3)
  A tengu zombie (Depths:2)
  5 killer bees
  2 quasits (D:13)
  An electric eel (Lair:8)
  A wight (D:14)
  A crimson imp (D:12)
  Dowan (D:6)
  2 orc priests
  3 orc wizards
  A worker ant (Elf:3)
  A troll simulacrum (IceCv)
  5 orange rats
  14 sheep
  2 centaur simulacra (IceCv)
  An ogre skeleton (Vaults:4)
  An orc zombie (Vaults:4)
  2 river rats
  An ufetubus (D:13)
  An adder skeleton (D:13)
  20 orcs
  2 kobolds (D:5)
  A quokka (Lair:6)
  A goblin (Orc:4)
  A quokka skeleton (D:5)
  2 ballistomycetes (D:13)
  A fungus (Lair:6)
  2 plants
  A tentacle (Shoals:2)
548 creatures vanquished.

Vanquished Creatures (others)
  A draconian knight (Zot:4)
  2 very ugly things (Depths:1)
  A pale draconian (Zot:4)
  A white draconian (Zot:1)
  13 spellforged servitors
  4 very ugly thing zombies
  2 ettins
  2 vault guards (Vaults:5)
  A quicksilver dragon skeleton (Vaults:5)
  A merfolk aquamancer (Shoals:5)
  An ogre mage (Vaults:2)
  A titan zombie (Vaults:5)
  A deep troll shaman (Depths:4)
  A golden dragon zombie (Vaults:5)
  A hill giant (Depths:1)
  3 deep trolls (Depths:4)
  4 wolf spider zombies
  A harpy (Lair:3)
  2 shadow dragon zombies
  6 ugly thing zombies
  A tengu skeleton (Vaults:5)
  An ugly thing (Depths:1)
  A deep dwarf zombie (Spider:2)
  A frost giant skeleton (Vaults:2)
  2 red draconian zombies (Zot:1)
  4 redback zombies
  3 yaktaurs
  A hydra zombie (Lair:8)
  A harpy zombie (Shoals:5)
  A merfolk (Shoals:1)
  A spider (Spider:5)
  A demonic crawler zombie (Spider:4)
  A blue devil (IceCv)
  48 fire vortices
  2 jumping spider zombies (Spider:5)
  A two-headed ogre (Depths:1)
  6 trapdoor spider zombies
  3 red wasp zombies (Spider:5)
  A tarantella zombie (Spider:3)
  2 griffon zombies
  2 human zombies
  A boulder beetle (Vaults:5)
  3 deep elf magi
  A spriggan (shapeshifter) (Vaults:3)
  A redback (shapeshifter) (Depths:4)
  A hill giant zombie (Vaults:1)
  3 human skeletons (Vaults:5)
  2 deep elf fighters
  A deep troll zombie (Vaults:4)
  2 ogres
  3 merfolk zombies
  2 spiny frog zombies
  A raven skeleton (Depths:3)
  An ice beast (D:6)
  A boggart (Depths:4)
  8 elf zombies
  A blink frog zombie (Lair:8)
  A lost soul (Elf:3)
  8 vampire mosquito zombies
  3 small abominations (Depths:4)
  11 yaktaur zombies
  A giant frog (D:8)
  3 yaktaur skeletons
  4 water moccasin zombies (Lair:6)
  A komodo dragon skeleton (Lair:8)
  9 spider zombies
  A cyclops zombie (Vaults:2)
  A boulder beetle zombie (Vaults:3)
  A yak zombie (Lair:4)
  8 giant frog zombies
  5 centaur zombies
  3 two-headed ogre zombies
  A boring beetle zombie (Lair:4)
  5 elf skeletons
  7 killer bee zombies (Lair:6)
  15 ogre zombies
  An ogre skeleton (Vaults:2)
  A river rat (Lair:7)
  An adder zombie (Lair:4)
  4 sheep zombies (Lair:7)
  A bat (D:1)
  2 giant spores (D:8)
  2 orc skeletons (Vaults:2)
  9 orc zombies
  12 river rat zombies
  7 fungi
  16 plants
  36 tentacles (Shoals:2)
  286 tentacle segments (Shoals:2)
631 creatures vanquished.

Grand Total: 3729 creatures vanquished

Notes
Turn   | Place    | Note
--------------------------------------------------------------
     0 | D:1      | Raurakos, the Deep Elf Enchanter, began the quest for the Orb.
     0 | D:1      | Reached XP level 1. HP: 10/10 MP: 5/5
   778 | D:1      | Reached XP level 2. HP: 15/15 MP: 6/8
  1232 | D:2      | Reached skill level 5 in Hexes
  1232 | D:2      | Reached XP level 3. HP: 10/19 MP: 8/10
  1437 | D:1      | Learned a level 3 spell: Confuse
  1441 | D:1      | Learned a level 3 spell: Dazzling Spray
  1549 | D:2      | Found a radiant altar of Vehumet.
  1945 | D:3      | Reached XP level 4. HP: 21/24 MP: 13/13
  2551 | D:4      | Reached skill level 6 in Hexes
  2596 | D:4      | Reached XP level 5. HP: 26/28 MP: 16/16
  2644 | D:4      | Found a sacrificial altar of Ru.
  2648 | D:4      | Noticed Blork the orc
  2661 | D:4      | Killed Blork the orc
  2741 | D:4      | Found a shattered altar of Ashenzari.
  2926 | D:4      | Noticed an ogre
  2940 | D:4      | Killed an ogre
  2940 | D:4      | Reached skill level 7 in Hexes
  2940 | D:4      | Reached XP level 6. HP: 32/32 MP: 13/18
  3232 | D:5      | Entered Level 5 of the Dungeon
  3255 | D:5      | Found a sparkling altar of Nemelex Xobeh.
  3288 | D:5      | Reached skill level 1 in Conjurations
  3300 | D:5      | Learned a level 4 spell: Enslavement
  3512 | D:5      | Reached skill level 5 in Short Blades
  3699 | D:5      | Reached XP level 7. HP: 36/36 MP: 7/20
  4636 | D:5      | Reached skill level 5 in Dodging
  4728 | D:5      | Reached skill level 5 in Conjurations
  4728 | D:5      | Reached XP level 8. HP: 41/41 MP: 18/21
  4974 | D:6      | Noticed Sigmund
  4983 | D:6      | Killed Sigmund
  5002 | D:6      | Noticed Menkaure
  5051 | D:6      | Killed Menkaure
  5051 | D:6      | Reached skill level 8 in Hexes
  5143 | D:6      | Noticed Edmund
  5154 | D:6      | Killed Edmund
  5154 | D:6      | Reached skill level 5 in Spellcasting
  5310 | D:6      | Reached skill level 9 in Hexes
  5324 | D:6      | Noticed Ijyb
  5346 | D:6      | Killed Ijyb
  5469 | D:6      | Noticed Dowan
  5497 | D:6      | Noticed Duvessa
  5507 | D:6      | Killed Dowan
  5514 | D:6      | Killed Duvessa
  5695 | D:6      | Reached XP level 9. HP: 45/45 MP: 8/27
  5718 | D:6      | Reached skill level 10 in Hexes
  6333 | D:7      | Found a staircase to the Ecumenical Temple.
  6339 | Temple   | Entered the Ecumenical Temple
  6384 | Temple   | Became a worshipper of Sif Muna the Loreminder
  7303 | D:8      | Noticed hackum's ghost (experienced FoFi)
  7330 | D:8      | Found a blossoming altar of Fedhas.
  7346 | D:8      | Killed hackum's ghost
  7346 | D:8      | Acquired Sif Muna's first power
  7919 | D:8      | Reached skill level 10 in Spellcasting
  8236 | D:9      | Reached XP level 10. HP: 50/50 MP: 22/31
  8586 | D:9      | Found an iron altar of Okawaru.
  8772 | D:9      | Reached skill level 11 in Hexes
  8798 | D:9      | Found a basalt altar of Yredelemnul.
  9009 | D:10     | Entered Level 10 of the Dungeon
  9064 | D:10     | Reached skill level 10 in Dodging
  9111 | D:10     | Acquired Sif Muna's second power
  9238 | D:10     | Noticed an unseen horror
  9245 | D:10     | Killed an unseen horror
  9372 | D:10     | Reached skill level 12 in Hexes
 10213 | D:10     | Noticed a hill giant
 10223 | D:10     | Killed a hill giant
 10326 | D:10     | Reached XP level 11. HP: 54/54 MP: 5/32
 10329 | D:10     | Noticed a hill giant
 10417 | D:10     | Killed a hill giant
 10417 | D:10     | Reached skill level 1 in Invocations
 11059 | D:11     | Found a staircase to the Orcish Mines.
 11311 | D:11     | Found a staircase to the Lair.
 11345 | D:11     | Noticed Erica
 11357 | D:11     | Killed Erica
 12312 | D:11     | Learned a level 2 spell: Swiftness
 12450 | D:11     | Noticed an eight-headed hydra
 12475 | D:11     | Killed an eight-headed hydra
 12475 | D:11     | Reached skill level 5 in Invocations
 12921 | Lair:1   | Entered Level 1 of the Lair of Beasts
 12948 | Lair:1   | Learned a level 6 spell: Invisibility
 13529 | Lair:1   | Noticed Harold
 13673 | Lair:1   | Killed Harold
 14387 | Lair:2   | Reached XP level 12. HP: 59/59 MP: 6/33
 14651 | Lair:2   | Reached skill level 1 in Charms
 14978 | Lair:2   | Reached skill level 5 in Charms
 15137 | Lair:2   | Acquired Sif Muna's third power
 16593 | Lair:3   | Noticed a five-headed hydra
 16606 | Lair:3   | Killed a five-headed hydra
 16878 | Lair:3   | Reached skill level 13 in Hexes
 16893 | Lair:3   | Learned a level 4 spell: Animate Dead
 16903 | Lair:3   | Noticed a seven-headed hydra
 16929 | Lair:3   | Killed a seven-headed hydra
 16929 | Lair:3   | Reached skill level 1 in Necromancy
 17516 | Lair:3   | Found a staircase to the Shoals.
 17732 | Lair:4   | Found a frozen archway.
 17834 | IceCv    | Entered an ice cave
 17903 | IceCv    | Reached skill level 5 in Necromancy
 18414 | IceCv    | Reached XP level 13. HP: 63/63 MP: 8/36
 20395 | Lair:4   | Received a gift from Sif Muna
 20463 | Lair:4   | Identified Sif Muna's Almanac of Beguiling (Sif Muna gifted it to you on level 4 of the Lair of Beasts)
 20910 | Lair:5   | Got a pair of pitted boots
 20921 | Lair:5   | Identified the cursed -4 pair of boots of Sitzo {Dex+4 Stlth+} (You found it on level 5 of the Lair of Beasts)
 20940 | Lair:5   | Got a sparkling iron ring
 20941 | Lair:5   | Identified the ring "Maeskaog" {MP+9 Dex+2 Stlth---} (You found it on level 5 of the Lair of Beasts)
 21003 | Lair:5   | Reached skill level 10 in Conjurations
 21996 | Lair:6   | Reached skill level 14 in Spellcasting
 22417 | Lair:6   | Found a hole to the Spider Nest.
 23127 | Lair:6   | Upgraded the game from 0.16-a0-2010-g98bc240 to 0.16-a0-2059-gf848859
 23149 | Lair:7   | Reached skill level 15 in Spellcasting
 23450 | Lair:7   | Learned a level 4 spell: Iskenderun's Mystic Blast
 23458 | Lair:7   | Learned a level 7 spell: Orb of Destruction
 24341 | Lair:7   | Found a viscous altar of Jiyva.
 24342 | Lair:7   | Found a staircase to the Slime Pits.
 24431 | Lair:7   | Reached skill level 15 in Hexes
 24609 | Lair:7   | Received a gift from Sif Muna
 24611 | Lair:7   | Identified Nomen's Guide on Conjuration (Sif Muna gifted it to you on level 7 of the Lair of Beasts)
 24861 | Lair:8   | Entered Level 8 of the Lair of Beasts
 24896 | Lair:8   | Reached XP level 14. HP: 68/68 MP: 4/38
 26730 | Lair:8   | Reached skill level 16 in Hexes
 27290 | Lair:8   | Upgraded the game from 0.16-a0-2059-gf848859 to 0.16-a0-2093-g8c923f7
 27471 | Lair:8   | Identified a +4 rod of shadows (14/14) (You found it on level 8 of the Lair of Beasts)
 27944 | D:12     | Noticed Herrn's ghost (powerful FoFi)
 28029 | Orc:1    | Entered Level 1 of the Orcish Mines
 28029 | Orc:1    | Noticed Psyche
 28038 | Orc:1    | Killed Psyche
 28038 | Orc:1    | Received a gift from Sif Muna
 28288 | Orc:1    | Learned a level 4 spell: Cause Fear
 29904 | Orc:4    | Entered Level 4 of the Orcish Mines
 29904 | Orc:4    | Found Troedo's Book Shop.
 30047 | Orc:4    | Found a roughly hewn altar of Beogh.
 30294 | Orc:4    | Found a staircase to the Elven Halls.
 30424 | Orc:4    | Found a roughly hewn altar of Beogh.
 30639 | Orc:4    | Found a roughly hewn altar of Beogh.
 30645 | Orc:4    | Found Thaoron's Jewellery Shop.
 31104 | Orc:4    | Found a roughly hewn altar of Beogh.
 31215 | Orc:4    | Found a roughly hewn altar of Beogh.
 31218 | Orc:4    | Found Crirph's Antique Weapon Shoppe.
 31250 | Orc:4    | Bought a runed rapier for 140 gold pieces
 31603 | Orc:3    | Upgraded the game from 0.16-a0-2093-g8c923f7 to 0.16-a0-2145-g6af420d
 31675 | Orc:4    | Bought an uncursed amulet of clarity for 240 gold pieces
 31781 | Orc:4    | Noticed Saint Roka
 31783 | Orc:4    | Found a roughly hewn altar of Beogh.
 31783 | Orc:4    | Found Wemecveh's Antique Weapon Shoppe.
 31791 | Orc:4    | Upgraded the game from 0.16-a0-2145-g6af420d to 0.16-a0-2150-g7556756
 31818 | Orc:4    | Found a roughly hewn altar of Beogh.
 31834 | Orc:4    | Killed Saint Roka
 31834 | Orc:4    | Reached skill level 17 in Hexes
 32211 | Orc:4    | Found Smaqiv's Antique Armour Emporium.
 32246 | Orc:4    | Bought the +3 robe of Clouds {+Fly rElec} for 763 gold pieces
 32274 | Orc:4    | Bought an embroidered cloak for 108 gold pieces
 32274 | Orc:4    | Bought a glowing robe for 16 gold pieces
 32462 | D:12     | Killed Herrn's ghost
 33531 | D:12     | Reached XP level 15. HP: 72/72 MP: 6/39
 34694 | D:13     | Found a gate to the Vaults.
 34733 | D:13     | Received a gift from Sif Muna
 34922 | D:13     | Reached skill level 18 in Hexes
 35734 | D:14     | Noticed Maud
 35748 | D:14     | Killed Maud
 35980 | D:14     | Learned a level 7 spell: Spellforged Servitor
 36099 | D:14     | Reached skill level 1 in Summonings
 36559 | D:14     | Upgraded the game from 0.16-a0-2150-g7556756 to 0.16-a0-2179-gb75b79b
 36560 | D:15     | Entered Level 15 of the Dungeon
 36832 | D:15     | Got a twitching ivory ring
 36834 | D:15     | Identified the ring of Brilliance {MP+9 SInv} (You found it on level 15 of the Dungeon)
 37420 | D:15     | Got a transparent golden ring
 37475 | D:15     | Identified the ring of Satisfaction {rElec rPois rF+ Int-1 Slay+5 SInv Stlth+} (You found it on level 15 of the Dungeon)
 37548 | D:15     | Identified a +3 rod of clouds (13/13) (You found it on level 15 of the Dungeon)
 37564 | D:15     | Reached skill level 5 in Summonings
 37662 | D:15     | Found Skew's Weapon Boutique.
 37919 | D:15     | Found Cisicem's Assorted Antiques.
 38293 | Spider:1 | Entered Level 1 of the Spider Nest
 38493 | Spider:1 | Reached skill level 15 in Conjurations
 38638 | Spider:1 | Received a gift from Sif Muna
 38639 | Spider:1 | Identified Sif Muna's Disquisition on Attacks and Weightlessness (Sif Muna gifted it to you on level 1 of the Spider Nest)
 38892 | Spider:2 | Noticed Rupert
 39245 | Spider:2 | Killed Rupert
 39510 | Spider:2 | Noticed Jorgrun
 39525 | Spider:2 | Killed Jorgrun
 39729 | Spider:2 | Your ally Jorgrun died
 39802 | Spider:2 | Reached XP level 16. HP: 76/76 MP: 17/40
 41269 | Spider:3 | Reached skill level 10 in Summonings
 41690 | Spider:3 | Received a gift from Sif Muna
 41750 | Spider:3 | Noticed Mara
 42890 | Spider:4 | Identified the Papyrus of Summoning
 43561 | Spider:5 | Entered Level 5 of the Spider Nest
 46376 | Spider:5 | Got a gossamer rune of Zot
 46730 | Lair:1   | Learned a level 6 spell: Deflect Missiles
 46792 | Shoals:1 | Entered Level 1 of the Shoals
 46792 | Shoals:1 | Found a flickering gateway to a bazaar.
 46792 | Shoals:1 | Noticed Louise
 46830 | Shoals:1 | Killed Louise
 46830 | Shoals:1 | Reached skill level 1 in Air Magic
 46830 | Shoals:1 | Reached XP level 17. HP: 73/80 MP: 22/41
 46845 | Shoals:1 | Found Gragrip's Gadget Shop.
 46852 | Bazaar   | Entered a bazaar
 46852 | Bazaar   | Found Bevuguf's Weapon Shop.
 46852 | Bazaar   | Found Onian's Weapon Emporium.
 47016 | Bazaar   | Found Qeorchurut's Gadget Boutique.
 47022 | Bazaar   | Found Xajoamoa's Assorted Antiques.
 47030 | Bazaar   | Bought a runed cloak for 85 gold pieces
 47059 | Bazaar   | Bought a +0 lajatang of electrocution for 474 gold pieces
 47068 | Bazaar   | Found Shrofrir's Jewellery Emporium.
 47077 | Bazaar   | Bought a +5 ring of evasion for 935 gold pieces
 47371 | Shoals:1 | Received a gift from Sif Muna
 47372 | Shoals:1 | Identified Sif Muna's Reference Book on Torrid Conjuration (Sif Muna gifted it to you on level 1 of the Shoals)
 47417 | Shoals:1 | Found Sexowuopn's Jewellery Shop.
 47962 | Shoals:2 | Found a bloodstained altar of Trog.
 48171 | Shoals:2 | Gained mutation: Your magical capacity is low (-10% MP). [mutagenic glow]
 49105 | Shoals:3 | Identified a scroll of acquirement
 49176 | Shoals:3 | Reached skill level 5 in Air Magic
 49570 | Shoals:3 | Reached skill level 10 in Charms
 49762 | Shoals:3 | Reached skill level 1 in Evocations
 50594 | Shoals:5 | Entered Level 5 of the Shoals
 50684 | Shoals:5 | Noticed Ilsuiw
 50936 | Shoals:4 | Gained mutation: Potions and wands are less effective at restoring your health. [mutagenic glow]
 50948 | Shoals:4 | Reached skill level 5 in Evocations
 51170 | Shoals:5 | Killed Ilsuiw
 52369 | Shoals:5 | Got a barnacled rune of Zot
 52609 | Shoals:5 | Received a gift from Sif Muna
 52610 | Shoals:5 | Identified Nyfrius' Catalogue of Lethal Flight (Sif Muna gifted it to you on level 5 of the Shoals)
 53052 | D:11     | Noticed an unseen horror
 53068 | D:11     | Killed an unseen horror
 53239 | D:15     | Reached XP level 18. HP: 85/85 MP: 11/37
 53833 | D:15     | Got a vibrating lead ring
 53834 | D:15     | Identified the ring of Satyriasis {Str-5 Int+3 Dex-3} (You took it off a naga on level 15 of the Dungeon)
 53919 | D:15     | Found Egesumac's Book Shoppe.
 54855 | D:15     | Found a staircase to the Depths.
 55271 | Elf:1    | Entered Level 1 of the Elven Halls
 55275 | Elf:1    | Found Juizaedi's Antique Weapon Boutique.
 55575 | Elf:1    | Reached skill level 1 in Staves
 55926 | Elf:1    | Noticed Asterion
 55938 | Elf:1    | Killed Asterion
 57151 | Elf:2    | Reached skill level 5 in Staves
 57851 | Elf:2    | Reached XP level 19. HP: 88/98 MP: 34/38
 58093 | Vaults:1 | Entered Level 1 of the Vaults
 58093 | Vaults:1 | Found Moigatwum's General Store.
 60425 | Vaults:1 | Reached skill level 10 in Staves
 60854 | Vaults:1 | Upgraded the game from 0.16-a0-2179-gb75b79b to 0.16-a0-2254-g943817a
 61129 | Vaults:2 | Noticed Jory
 61142 | Vaults:2 | Killed Jory
 61142 | Vaults:2 | Reached XP level 20. HP: 47/103 MP: 3/38
 61174 | Vaults:2 | Found a magical portal.
 61349 | WizLab   | Entered Tukima's Studio
 61373 | WizLab   | Received a gift from Sif Muna
 61374 | WizLab   | Identified Sif Muna's Volume of Sinister Boosts (Sif Muna gifted it to you in a wizard's laboratory)
 63974 | Vaults:2 | Received a gift from Sif Muna
 63975 | Vaults:2 | Identified Sheuts' Grimoire of Weightlessness (Sif Muna gifted it to you on level 2 of the Vaults)
 64384 | Vaults:2 | Reached skill level 19 in Spellcasting
 66002 | Vaults:3 | Received a gift from Sif Muna
 66003 | Vaults:3 | Identified Sif Muna's Handbook of Confrontation (Sif Muna gifted it to you on level 3 of the Vaults)
 67177 | Vaults:3 | Upgraded the game from 0.16-a0-2254-g943817a to 0.16-a0-2296-gdce89d5
 67554 | Vaults:3 | Reached skill level 20 in Spellcasting
 68061 | Vaults:3 | Noticed Xtahua
 68090 | Vaults:3 | Killed Xtahua
 68187 | Vaults:3 | Found Zaofiora's Antique Weapon Emporium.
 68322 | Vaults:3 | Found a staircase to the Crypt.
 68326 | Vaults:3 | Reached XP level 21. HP: 108/108 MP: 39/40
 69135 | Vaults:3 | Received a gift from Sif Muna
 69141 | Vaults:3 | Learned a level 2 spell: Blink
 69453 | Vaults:4 | Found a flickering gateway to a bazaar.
 69500 | Bazaar   | Entered a bazaar
 69616 | Bazaar   | Found Xaxkery's Armour Boutique.
 69622 | Bazaar   | Bought a +1 pair of gloves for 161 gold pieces
 69647 | Bazaar   | Found Curiaka's Antique Armour Emporium.
 69652 | Bazaar   | Bought a pair of embroidered boots for 112 gold pieces
 69652 | Bazaar   | Bought a pair of brightly glowing gloves for 237 gold pieces
 69665 | Bazaar   | Identified a +2 pair of boots of running (You bought it in a shop in a bazaar)
 69675 | Bazaar   | Identified the +2 pair of gloves "Lausav" {rF+ Slay+3} (You bought it in a shop in a bazaar)
 69688 | Bazaar   | Found Hasch's Jewellery Boutique.
 69705 | Bazaar   | Found Salamp's Jewellery Shoppe.
 69737 | Bazaar   | Bought an uncursed ring of teleport control for 500 gold pieces
 69737 | Bazaar   | Bought the ring "Yfaup" {rElec rC+ Str+2 Int+2 SInv Stlth+} for 397 gold pieces
 69737 | Bazaar   | Bought the ring "Fynainy" {rF+ Dex+3 Stlth+} for 411 gold pieces
 71177 | Vaults:4 | Reached skill level 21 in Spellcasting
 71550 | Vaults:4 | Got a pair of smoking boots
 71551 | Vaults:4 | Identified the +1 pair of boots of the Slorg {rF+ Str+1} (You found it on level 4 of the Vaults)
 72284 | Lair:1   | Learned a level 6 spell: Haste
 72295 | Lair:1   | Learned a level 8 spell: Discord
 72510 | Depths:1 | Entered Level 1 of the Depths
 72544 | Depths:1 | Found a one-way gate to the infinite horrors of the Abyss.
 72599 | Depths:1 | Found a runed door.
 72664 | Depths:1 | Found a one-way gate leading to the halls of Pandemonium.
 72743 | Depths:1 | Found a gateway to a ziggurat.
 73825 | Depths:1 | Noticed Nikola
 73952 | Depths:1 | Killed Nikola
 73976 | Depths:1 | Found a gateway to Hell.
 74921 | Depths:2 | Found Wiab Kaa's Food Boutique.
 75087 | Depths:2 | Noticed Sojobo
 75088 | Depths:2 | Reached skill level 22 in Spellcasting
 75096 | Depths:2 | Reached skill level 15 in Dodging
 75151 | Depths:2 | Killed Sojobo
 75151 | Depths:2 | Received a gift from Sif Muna
 75290 | Depths:2 | Identified Shraosi's Papyrus of Arcane Weapons (Sif Muna gifted it to you on level 2 of the Depths)
 75591 | Depths:2 | Reached XP level 22. HP: 112/112 MP: 23/42
 76637 | Depths:2 | Found Tagaxena's General Store.
 76931 | Depths:2 | Upgraded the game from 0.16-a0-2296-gdce89d5 to 0.16-a0-2363-g19e4ded
 76956 | Depths:2 | Upgraded the game from 0.16-a0-2363-g19e4ded to 0.16-a0-2400-g1eca9a7
 76964 | Depths:2 | Upgraded the game from 0.16-a0-2400-g1eca9a7 to 0.16-a0-2558-g6680ffd
 77367 | Depths:3 | Reached skill level 23 in Spellcasting
 78145 | Depths:3 | Noticed Margery
 78153 | Depths:3 | Killed Margery
 78153 | Depths:3 | Reached skill level 1 in Shields
 80327 | Depths:4 | Received a gift from Sif Muna
 80328 | Depths:4 | Identified Sif Muna's Reference Book on Arcane Weapons and Lightness (Sif Muna gifted it to you on level 4 of the Depths)
 80531 | Lair:1   | Learned a level 9 spell: Fire Storm
 80718 | Depths:3 | Reached skill level 5 in Shields
 80968 | Depths:4 | Reached skill level 24 in Spellcasting
 80968 | Depths:4 | Reached skill level 1 in Fire Magic
 81360 | Depths:4 | Noticed Mennas
 81785 | Elf:2    | Found a large runed door.
 81786 | Elf:2    | Found a large runed door.
 81808 | Elf:2    | Found a large runed door.
 81809 | Elf:2    | Found a large runed door.
 82143 | Elf:2    | Reached skill level 5 in Fire Magic
 82391 | Elf:2    | Reached XP level 23. HP: 116/116 MP: 37/43
 82553 | Elf:3    | Entered Level 3 of the Elven Halls
 83384 | Elf:3    | Found a portal to a secret trove of treasure.
 83624 | Elf:3    | Paralysed by an orc sorcerer for 2 turns
 83701 | Elf:3    | Received a gift from Sif Muna
 83702 | Elf:3    | Identified Khielual's Volume of Creation (Sif Muna gifted it to you on level 3 of the Elven Halls)
 83906 | Elf:3    | Identified a +7 rod of the swarm (6/14) (You took it off a deep elf sorcerer on level 3 of the Elven Halls)
 84058 | Elf:3    | Reached skill level 10 in Fire Magic
 84221 | Elf:3    | Got a heavily jewelled robe
 84533 | Elf:3    | Identified the +0 robe of Stoytzypn {+Blink rN+ MR+ rCorr Str-3 Dex-1} (You took it off a deep elf knight on level 3 of the Elven Halls)
 84920 | Elf:3    | Got a transparent turquoise ring
 87083 | Depths:4 | Found a corrupted altar of Lugonu.
 87242 | Depths:5 | Entered Level 5 of the Depths
 87404 | Depths:5 | Found a flickering gateway to a bazaar.
 87419 | Bazaar   | Entered a bazaar
 87420 | Bazaar   | Found Opar's Antique Armour Emporium.
 87425 | Bazaar   | Found Shaewnumn's Antique Armour Emporium.
 87438 | Bazaar   | Found Cahony's Distillery.
 87442 | Bazaar   | Found Mimail's General Store.
 87452 | Bazaar   | Bought a scroll of identify for 16 gold pieces
 87454 | Bazaar   | Found Klash's Gadget Shoppe.
 87486 | Bazaar   | Bought a glowing cloak for 108 gold pieces
 87564 | Depths:5 | Identified the ring "Qeumn" {rC- Str+2 Stlth+} (You took it off a deep elf master archer on level 3 of the Elven Halls)
 88179 | Depths:5 | Received a gift from Sif Muna
 88180 | Depths:5 | Identified Sif Muna's Grimoire of Floating Enhancements (Sif Muna gifted it to you on level 5 of the Depths)
 89260 | Depths:5 | Reached skill level 15 in Fire Magic
 89283 | Depths:5 | Found a gate to the Realm of Zot.
 89729 | Depths:5 | Reached XP level 24. HP: 121/121 MP: 25/43
 90491 | Depths:5 | Received a gift from Sif Muna
 90492 | Depths:5 | Identified Sif Muna's Catalogue of Stolen Souls (Sif Muna gifted it to you on level 5 of the Depths)
 90853 | D:15     | Learned a level 3 spell: Regeneration
 91749 | Vaults:5 | Entered Level 5 of the Vaults
 92039 | Vaults:4 | HP: 3/121 [yaktaur captain/ bolt (22)]
 92599 | Vaults:5 | Received a gift from Sif Muna
 92611 | Vaults:5 | Identified Sif Muna's Almanac of Fetching Creation (Sif Muna gifted it to you on level 5 of the Vaults)
 93352 | Vaults:5 | HP: 4/121 [acid (4)]
 93648 | Vaults:5 | Received a gift from Sif Muna
 93649 | Vaults:5 | Identified Sif Muna's Incunabulum of the Entourage (Sif Muna gifted it to you on level 5 of the Vaults)
 94783 | Vaults:5 | Reached XP level 25. HP: 126/126 MP: 28/44
 95293 | Vaults:5 | Got a silver rune of Zot
 95373 | Vaults:5 | Found Ceih's Gadget Shoppe.
 95386 | Vaults:5 | Found Ducusad's Jewellery Shop.
 95541 | Vaults:5 | Received a gift from Sif Muna
 96339 | Depths:4 | Killed Mennas
 96505 | Zot:1    | Entered Level 1 of the Realm of Zot
 97273 | Zot:1    | Received a gift from Sif Muna
 97344 | Zot:1    | Gained mutation: You can spit poison. [mutagenic glow]
 98818 | Zot:2    | Received a gift from Sif Muna
 98819 | Zot:2    | Identified Sif Muna's Grimoire of Illusion (Sif Muna gifted it to you on level 2 of the Realm of Zot)
100740 | Zot:3    | Reached XP level 26. HP: 131/131 MP: 38/44
100887 | Zot:3    | Received a gift from Sif Muna
100971 | Zot:3    | Identified Cunen's Almanac of Creative Necromancy (Sif Muna gifted it to you on level 3 of the Realm of Zot)
102016 | Zot:5    | Entered Level 5 of the Realm of Zot
102442 | Zot:4    | Got a distressingly furry robe
102487 | Zot:4    | Identified the cursed -5 robe of the Dice {Int-2 Slay+3} (You found it on level 4 of the Realm of Zot)
102633 | Zot:4    | Got a faintly glowing leather armour
102634 | Zot:4    | Identified the +4 leather armour "Atyxka Ruis" {Contam +Fly rPois rF++ rN+ Dex+3} (You found it on level 4 of the Realm of Zot)
102839 | Zot:4    | Received a gift from Sif Muna
102840 | Zot:4    | Identified Sif Muna's Almanac of the Escort and Dark Rites (Sif Muna gifted it to you on level 4 of the Realm of Zot)
103468 | Zot:5    | Noticed an ancient lich
103479 | Zot:5    | Killed an ancient lich
103535 | Zot:5    | Noticed an ancient lich
103537 | Zot:5    | Killed an ancient lich
103597 | Zot:5    | Noticed an orb of fire
103634 | Zot:5    | Received a gift from Sif Muna
103635 | Zot:5    | Identified Sif Muna's Disquisition on Calling (Sif Muna gifted it to you on level 5 of the Realm of Zot)
103858 | Zot:5    | Noticed an ancient lich
103861 | Zot:5    | Killed an ancient lich
104140 | Zot:5    | Noticed an ancient lich
104159 | Zot:5    | Killed an ancient lich
104466 | Zot:5    | Received a gift from Sif Muna
104467 | Zot:5    | Identified Nymoraub's Papyrus of Calling (Sif Muna gifted it to you on level 5 of the Realm of Zot)
104517 | Zot:5    | Noticed an orb of fire
104524 | Zot:5    | Killed an orb of fire
104526 | Zot:5    | Noticed an orb of fire
104533 | Zot:5    | Noticed an orb of fire
104558 | Zot:5    | Noticed an ancient lich
104578 | Zot:5    | Slain by a Killer Klown

Action                   |  1- 3 |  4- 6 |  7- 9 | 10-12 | 13-15 | 16-18 | 19-21 | 22-24 | 25-27 || total
-------------------------+-------+-------+-------+-------+-------+-------+-------+-------+-------++-------
Melee: Dagger            |    66 |    93 |   438 |   624 |   987 |   377 |   163 |   125 |   184 ||  3057
       Rapier            |       |       |       |       |   100 |       |       |       |       ||   100
       Lajatang          |       |       |       |       |       |    38 |     7 |       |       ||    45
       Staff             |       |       |       |       |       |       |    35 |     9 |    15 ||    59
Throw: Stone             |    13 |     1 |       |       |       |       |       |       |       ||    14
 Cast: Corona            |    16 |     1 |     1 |       |       |       |       |       |       ||    18
       Confuse           |     3 |    16 |    64 |   256 |   328 |   292 |   219 |    75 |    72 ||  1325
       Dazzling Spray    |       |     7 |    45 |   271 |   139 |    10 |       |       |       ||   472
       Enslavement       |       |     1 |     8 |    26 |    93 |    72 |    74 |     8 |     1 ||   283
       Animate Dead      |       |       |       |     7 |    69 |    45 |    47 |    15 |    12 ||   195
       Invisibility      |       |       |       |     1 |    37 |    35 |    23 |    12 |    11 ||   119
       Iskenderun's Myst |       |       |       |       |   256 |   351 |   369 |   118 |    75 ||  1169
       Orb of Destructio |       |       |       |       |    28 |   150 |   344 |   517 |   239 ||  1278
       Cause Fear        |       |       |       |       |     1 |     9 |     2 |       |       ||    12
       Swiftness         |       |       |       |       |     1 |     3 |     2 |     1 |       ||     7
       Spellforged Servi |       |       |       |       |     1 |    28 |    55 |    42 |    10 ||   136
       Deflect Missiles  |       |       |       |       |       |     2 |     7 |     6 |     2 ||    17
       Discord           |       |       |       |       |       |       |     6 |     8 |     5 ||    19
       Blink             |       |       |       |       |       |       |     4 |    14 |    16 ||    34
       Haste             |       |       |       |       |       |       |       |    16 |    13 ||    29
       Fire Storm        |       |       |       |       |       |       |       |    14 |    23 ||    37
       Regeneration      |       |       |       |       |       |       |       |     9 |    11 ||    20
Invok: Channel Energy    |       |       |       |    74 |   139 |   450 |   818 |   747 |   395 ||  2623
 Abil: Evoke Flight      |       |       |       |       |       |    37 |       |       |       ||    37
       Evoke Teleport Co |       |       |       |       |       |       |       |     5 |       ||     5
Evoke: Rod               |       |       |       |       |       |       |     9 |       |       ||     9
  Use: Scroll            |       |       |     9 |    18 |    20 |    10 |     6 |    13 |     6 ||    82
       Potion            |       |       |       |     2 |       |     2 |       |     7 |     2 ||    13
 Stab: Sleeping          |     3 |     7 |     8 |    23 |   188 |    39 |    11 |    23 |    13 ||   315
       Confused          |       |     7 |    41 |   100 |   102 |    53 |    31 |    18 |    20 ||   372
       Distracted        |       |     1 |     1 |       |       |       |     2 |     2 |       ||     6
       Invisible         |       |       |     3 |    10 |    59 |    31 |     9 |     8 |     9 ||   129
       Betrayed ally     |       |       |       |       |     1 |       |       |       |       ||     1
  Eat: Chunk             |     2 |     9 |    19 |    45 |   125 |   199 |   227 |   180 |    95 ||   901
       Meat ration       |       |       |       |       |     1 |     1 |     1 |       |     1 ||     4
       Pizza             |       |       |       |       |     2 |       |       |       |     1 ||     3
       Beef jerky        |       |       |       |       |       |     1 |       |       |     2 ||     3
